 Dungeon Crawl Stone Soup version 0.22-a0-252-gcace5d2d35 (webtiles) character file.

4 Manul the Ducker (level 1, -1/11 HPs)
             Began as a Spriggan Abyssal Knight on Mar 1, 2018.
             Was an Initiate of Lugonu.
             Killed from afar by a dart slug (3 damage)
             ... with a slug dart
             ... on level 1 of the Dungeon.
             The game lasted 00:02:48 (389 turns).

Manul the Ducker (Spriggan Abyssal Knight)           Turns: 389, Time: 00:02:48

Health: -1/11      AC:  2    Str:  8    XL:     1   Next: 50%
Magic:  2/3        EV: 19    Int: 13    God:    Lugonu [......]
Gold:   80         SH:  6    Dex: 19    Spells: 0/0 levels left

rFire    + . .     SeeInvis +   a - +2 short sword
rCold    . . .     Gourm    .   f - +1 buckler of Polish {rPois rF+ Dex+4}
rNeg     . . .     Faith    .   b - +0 robe
rPois    +         Spirit   .   (helmet restricted)
rElec    .         Reflect  .   (no cloak)
rCorr    .         Harm     .   (gloves unavailable)
MR       .....                  (boots unavailable)
Stlth    ++........             (no amulet)
HPRegen  0.03/turn              (no ring)
MPRegen  0.08/turn              (no ring)

@: very quick
A: very small, unfitting armour, see invisible, herbivore, speed 3, slow
metabolism 2
a: Renounce Religion


You were on level 1 of the Dungeon.
You worshipped Lugonu.
Lugonu was noncommittal.
You were not hungry.

You visited 1 branch of the dungeon, and saw 1 of its levels.
You visited the Abyss 1 time.

You collected 80 gold pieces.

Inventory:

Hand Weapons
 a - a +2 short sword (weapon)
 d - a +1 antimagic spear
Armour
 b - a +0 robe (worn)
 f - the +1 buckler of Polish (worn) {rPois rF+ Dex+4}
   (You found it on level 2 of the Abyss)

   It affects your dexterity (+4).
   It protects you from fire.
   It protects you from poison.
Scrolls
 e - a scroll of vulnerability
 g - a scroll of enchant weapon
Comestibles
 c - 3 rations


   Skills:
 + Level 2.6 Fighting
 + Level 2.1 Short Blades
 + Level 3.7 Dodging
 + Level 1.7 Invocations


You couldn't memorise any spells.
You didn't know any spells.

Dungeon Overview and Level Annotations

Branches:
Dungeon (1/15)

Altars:


Innate Abilities, Weirdness & Mutations

You are very small and have problems with some larger weapons.
You are too small for most types of armour.
You have supernaturally acute eyesight. (SInv)
You are a herbivore.
You cover ground extremely quickly.
You need consume almost no food.


Message History

You reach to attack!
You miss the frilled lizard.
Wield which item (- for none, * to show all)? (? for menu, Esc to quit)
You feel magic returning to you.
a - a +2 short sword (weapon)
You see here a stone.
You see here a ration.
You see here 3 stones.
Okay, then.
The frilled lizard barely misses you. You block the frilled lizard's attack.
You see here 2 stones.
The frilled lizard misses you.
You see here a scroll of enchant weapon.
Things that are here:
a frilled lizard corpse x2
A dart slug comes into view.
Found 10 gold pieces.
Found a stone staircase leading down.
A frilled lizard comes into view.
The dart slug launches a dart at you. The slug dart hits you!
You die...

##......l....?..
#......l..≈≈≈≈≈≈
#......l≈≈≈≈≈≈≈≈
#.#.≈≈≈≈≈≈≈≈≈≈≈≈
#.#≈≈≈≈≈≈≈≈...K.
#†#≈≈...K.KKK...
#.##############
######.....w..
#...@.........
#.#.......$.l.
#...≈≈≈≈......
#..≈≈≈≈≈≈.####
#..≈≈≈≈≈≈.#
#...≈≈≈≈≈.#
#...≈≈≈≈....
##.......#..


You could see a dart slug.

Vanquished Creatures
  A bat (D:1)
  A goblin (D:1)
  2 frilled lizards (D:1)
4 creatures vanquished.

Notes
Turn   | Place    | Note
-------+----------+-------------------------------------------
     0 | Abyss:1  | Manul the Spriggan Abyssal Knight began the quest for the Orb.
     0 | Abyss:1  | Reached XP level 1. HP: 11/11 MP: 3/3
    72 | Abyss:2  | Noticed a vampire mage
   108 | Abyss:2  | Got a transparent buckler
   113 | Abyss:2  | Noticed a quasit
   132 | Abyss:3  | Identified the +1 buckler of Polish {rPois rF+ Dex+4} (You found it on level 2 of the Abyss)
   195 | Abyss:3  | Noticed a hell hound
   222 | Abyss:3  | Noticed a thrashing horror
   229 | Abyss:3  | Noticed a thrashing horror
   232 | Abyss:3  | Noticed a hell hound
   244 | Abyss:3  | Noticed a blink frog
   244 | Abyss:3  | Noticed a blink frog
   244 | Abyss:3  | Noticed a blink frog
   281 | Abyss:3  | Noticed a hell hound
   286 | Abyss:3  | Noticed a chaos spawn
   290 | Abyss:3  | Noticed a hell hound
   292 | Abyss:3  | Noticed a hell hound
   298 | D:1      | Escaped the Abyss
   389 | D:1      | Killed from afar by a dart slug

Vault maps used:
D:1:      dpeg_arrival_chase, minmay_lizard_pond
Abyss:2:  hangedman_abyss_or_decor_passed
Abyss:3:  evilmike_abyss_exit_11

Action                   || total
-------------------------++-------
Melee: Short sword       ||     7
       Spear             ||     4
Invok: Depart the Abyss  ||     1
  Use: Scroll            ||     5
Armor: Robe              ||     2
Dodge: Dodged            ||    16
Block: Buckler           ||     6

Table legend:
 A = Spawn XP
 B = Non-spawn XP
 C = Spawn XP percentage of total XP
 D = Spawn monster count
 E = Non-spawn monster count
 F = Spawn count percentage of total count
 G = Total turns spent on level
                    A         B        C        D         E        F      G
               +---------+---------+-------+---------+---------+-------+---------
         Total |       0 |       6 |   0.0 |       0 |       4 |   0.0 |   389
               +---------+---------+-------+---------+---------+-------+---------
           D:1 |       0 |       6 |   0.0 |       0 |       4 |   0.0 |    91
               +---------+---------+-------+---------+---------+-------+---------
